 Dungeon Crawl Stone Soup version 0.20.1-1-g8b1a95d (webtiles) character file.

119627 goulibeur the Fighter (level 16, -7/129 HPs)
             Began as a Demonspawn Abyssal Knight on Oct 17, 2017.
             Was the Champion of Lugonu.
             Mangled by a scimitar of holy wrath (14 damage)
             ... on level 1 of the Elven Halls on Oct 21, 2017.
             The game lasted 03:12:29 (34584 turns).

goulibeur the Fighter (Demonspawn Abyssal Knight)  Turns: 34584, Time: 03:12:29

Health: -7/129     AC: 33    Str: 17    XL:     16   Next: 28%
Magic:  0/25       EV: 15    Int: 12    God:    Lugonu [******]
Gold:   1682       SH: 14    Dex: 26    Spells: 15/15 levels left

rFire    . . .     SeeInvis +   C - +2 demon blade (venom)
rCold    + . .     Gourm    +   I - +1 shield {AC+3}
rNeg     + + .     Faith    .   y - +7 chain mail of the New World {rN+ rCorr Str+3 Dex+4}
rPois    +         Spirit   +   (helmet unavailable)
rElec    .         Reflect  .   n - +2 ratskin cloak {+Rats rPois rN+ Str-1 Int-1 Dex+1}
rCorr    +         Harm     .   W - +2 pair of gloves {Str+3}
MR       +....                  (no boots)
Stlth    ..........             i - amulet of the gourmand
Regen    0.4/turn               (no ring)
MPRegen  0.2/turn               (no ring)

@: no status effects
A: antennae 3, yellow scales 3, cold resistance 1, spiny 1, magic shield
a: Depart the Abyss, Bend Space, Banish, Corrupt, Enter the Abyss, Brand Weapon
With Distortion, Renounce Religion, Evoke Ratskin


You were on level 1 of the Elven Halls.
You worshipped Lugonu.
Lugonu was exalted by your worship.
You were very full.

You visited 4 branches of the dungeon, and saw 22 of its levels.
You visited the Abyss 1 time.
You also visited: Volcano.

You collected 2376 gold pieces.
You spent 694 gold pieces at shops.

Inventory:

Hand Weapons
 C - a +2 demon blade of venom (weapon)
Armour
 n - the +2 ratskin cloak (worn) {+Rats rPois rN+ Str-1 Int-1 Dex+1}
   (You bought it in a shop on level 2 of the Orcish Mines)

   It affects your strength (-1).
   It affects your intelligence (-1).
   It affects your dexterity (+1).
   It protects you from poison.
   It protects you from negative energy.
 y - the +7 chain mail of the New World (worn) {rN+ rCorr Str+3 Dex+4}
   (You took it off an orc on level 5 of the Dungeon)

   It affects your strength (+3).
   It affects your dexterity (+4).
   It protects you from negative energy.
   It protects you from acid and corrosion.
 I - a +1 shield of protection (worn)
 J - a +0 cloak
 W - a +2 pair of gloves of strength (worn)
Jewellery
 i - an amulet of the gourmand (around neck)
 r - an uncursed ring of magical power
 S - an uncursed ring of poison resistance
Wands
 j - a wand of flame (40/48)
 s - a wand of flame (25/48)
 v - a wand of confusion (34/48)
 D - a wand of digging (16/24)
 G - a wand of acid (3/15)
 H - a wand of polymorph (16/24)
 R - a wand of paralysis (7/24)
Scrolls
 b - 2 scrolls of holy word {unknown}
 e - 2 scrolls of fear
 o - 5 scrolls of teleportation
 p - a scroll of amnesia
 q - 2 scrolls of fog
 t - 2 scrolls of silence {unknown}
 K - 2 scrolls of identify
 M - a scroll of random uselessness {unknown}
 U - a scroll of summoning
Potions
 a - 3 potions of brilliance
 d - 2 potions of cancellation {unknown}
 h - a potion of ambrosia {unknown}
 l - 3 potions of agility
 m - a potion of haste
 w - 7 potions of curing
 x - a potion of heal wounds
 z - 3 potions of might
 A - a potion of magic {unknown}
 B - 2 potions of flight
 F - a potion of lignification {unknown}
 N - 4 potions of resistance
 P - 3 potions of berserk rage {unknown}
 T - a potion of invisibility {unknown}
 Y - a potion of degeneration {unknown}
Books
 u - a book of Geomancy

   Spells                             Type                      Level
   a - Sandblast                      Earth                        1
   b - Passwall                       Transmutation/Earth          2
   c - Stone Arrow                    Conjuration/Earth            3
   d - Petrify                        Transmutation/Earth          4
   e - Lee's Rapid Deconstruction     Earth                        5
 E - a book of Summonings

   Spells                             Type                      Level
   a - Recall                         Summoning/Translocation      3
   b - Aura of Abjuration             Summoning                    5
   c - Summon Demon                   Summoning                    5
   d - Summon Forest                  Summoning/Translocation      5
   e - Summon Mana Viper              Hexes/Summoning              5
   f - Shadow Creatures               Summoning                    6
Comestibles
 c - 21 bread rations
 f - 17 fruits
 g - 12 meat rations
 k - 6 royal jellies
 L - 4 chunks of flesh


   Skills:
 + Level 12.9 Fighting
   Level 1.7(8.2) Short Blades
 * Level 12.2(12.3) Long Blades
 + Level 11.9 Armour
 + Level 11.8 Dodging
 + Level 10.8 Shields
 - Level 12.8 Invocations


You had 15 spell levels left.
You didn't know any spells.

Dungeon Overview and Level Annotations

Branches:
Dungeon (12/15)            Temple (0/1) D:6            Lair (6/6) D:8
 Shoals (0/4) Lair:2        Snake (0/4) Lair:3        Slime (0/5) Lair:6
    Orc (2/2) D:11            Elf (2/3) Orc:2

Altars:
Dithmenos
Gozag
Kikubaaqudgha
Makhleb
Qazlal
Ru
Sif Muna
Xom
Yredelemnul
Zin
The Shining One
Jiyva

Shops:
D:3 *   D:6 !}   D:7 *   D:12 (   Orc:2 !?[[   Elf:1 =

Annotations:
D:4 2 transporters
Lair:4 exclusion: 2 oklob plants
Lair:6 1 runed door
Abyss:1 Nessos, Sigmund, Sonja


Innate Abilities, Weirdness & Mutations

You have a pair of large antennae on your head. (SInv)
You are completely covered in yellow scales. (AC +4, rCorr)
Your flesh is cold resistant. (rC+)
You are partially covered in sharp spines.
When hurt, damage is shared between your health and your magic reserves.


Message History

You convulse!
* * * LOW HITPOINT WARNING * * *
You don't have enough magic at the moment.
Space bends around you!
You blink.
There is a staircase back to the Mines here.
Space bends around you!
You blink.
Things that are here:
a leather armour; a long sword You block the scimitar of holy wrath's attack.
Things that are here:
a dagger; a long sword The scimitar of holy wrath is struck by your spines.
The scimitar of holy wrath hits you but does no damage.
The scimitar of holy wrath is struck by your spines.
The scimitar of holy wrath misses you.
You riposte.
You slice the scimitar of holy wrath!!
The scimitar of holy wrath is almost destroyed.
You block the scimitar of holy wrath's attack.
The scimitar of holy wrath hits you!
You die...

##.# ##.## ##.## ######=##
##...#'##### #...........
######)....###### ####
##########..........#
...#####.......(@.#####....##
.<....[)..8..8..#.# ####..##
# ...#####..........#
#.#.#### #### ########'###
#.##.##> #.# #.###'.. ### #.#
##.. #.# #.. #.# #.. #.# #[.


You could see a scimitar of holy wrath.

Vanquished Creatures
  A deep elf blademaster (Elf:2)
  6 dire elephants
  An ettin (Orc:2)
  Snorg (Lair:3)
  Josephine (Orc:2)
  16 two-headed ogres
  2 ogre magi
  14 dancing weapons
  An anaconda (Lair:6)
  4 death yaks (Lair:5)
  A queen ant (Lair:6)
  Urug (Lair:5)
  12 deep elf knights
  Pikel (D:10)
  2 deep trolls
  3 deep elf archers (Elf:2)
  The ghost of kalagan the Shield-Bearer, a novice GrFi of Hepliaklqana (D:7)
  An orc knight (Orc:2)
  3 orc sorcerers
  3 ugly things (D:11)
  33 deep elf magi
  4 cyclopes
  22 elephants
  4 black mambas
  13 spiny frogs
  The ghost of Agrougrou the Shield-Bearer, a novice FoFi of Okawaru (D:6)
  A kobold demonologist (D:8)
  A rime drake (Lair:4)
  9 komodo dragons
  19 trolls
  6 polar bears
  A queen bee (shapeshifter) (Elf:1)
  15 blink frogs
  10 hippogriffs
  7 dream sheep (Lair:6)
  3 air elementals
  A spriggan (D:7)
  4 wraiths
  4 wyverns
  2 basilisks (Lair:6)
  2 water elementals (Elf:2)
  2 fire elementals
  37 yaks
  3 nagas (Lair:3)
  6 soldier ants
  A warg (Orc:2)
  An acid dragon (D:12)
  18 water moccasins
  6 porcupines
  Duvessa (D:4)
  A hornet zombie (D:6)
  14 orc warriors
  2 sky beasts
  4 slaves
  3 ice beasts
  6 black bears
  3 eyes of draining
  4 phantoms
  27 ogres
  16 crocodiles
  8 centaurs
  2 wyvern zombies
  An earth elemental (Elf:1)
  2 big kobolds (D:12)
  17 bullfrogs
  6 jellies
  Dowan (D:4)
  4 scorpions
  25 killer bees
  7 wights
  The ghost of Irenicus the Insei, a weakling OpCK of Xom (D:3)
  5 howler monkeys
  3 crimson imps
  A bullfrog zombie (D:7)
  2 quasits
  3 bullfrog skeletons
  A centaur zombie (D:5)
  12 orc priests
  2 hounds
  4 iguanas
  4 centaur skeletons
  15 orc wizards
  Natasha (twice) (D:4)
  15 worker ants
  A killer bee zombie (D:9)
  A hound zombie (D:6)
  5 gnolls
  10 adders
  7 shadow imps
  2 oozes (D:7)
  3 adder skeletons (D:4)
  2 worms
  4 dart slugs
  4 leopard geckos
  62 orcs
  6 giant cockroaches
  7 goblins
  10 hobgoblins
  10 jackals
  7 quokkas
  4 ball pythons
  8 bats
  2 frilled lizards
  2 jackal skeletons
  14 kobolds
  2 leopard gecko zombies (D:6)
  4 rats
  2 fungi
  4 plants (Lair:6)
718 creatures vanquished.

Vanquished Creatures (others)
  An entropy weaver (Lair:6)
  A red draconian (Volcano)
  An ogre mage (Volcano)
  7 hydras
  2 two-headed ogres
  A deep elf knight (Elf:1)
  A glowing orange brain (shapeshifter) (Elf:2)
  A troll (D:8)
  An orc warrior (D:8)
  2 orc priests
  3 orcs
  14 fungi
  12 plants
47 creatures vanquished.

Grand Total: 765 creatures vanquished

Notes
Turn   | Place    | Note
-------+----------+-------------------------------------------
     0 | Abyss:1  | goulibeur the Demonspawn Abyssal Knight began the quest for the Orb.
     0 | Abyss:1  | Reached XP level 1. HP: 18/18 MP: 2/2
    34 | D:1      | Escaped the Abyss
    93 | D:1      | Reached skill level 1 in Dodging
   327 | D:1      | Gained mutation: You are partially covered in sharp spines. [demonic ancestry]
   327 | D:1      | Reached XP level 2. HP: 19/24 MP: 4/4
   795 | D:1      | Reached ** piety under Lugonu
   824 | D:2      | Found an ancient bone altar of Kikubaaqudgha.
   850 | D:2      | Gained mutation: You are partially covered in yellow scales. (AC +2) [demonic ancestry]
   850 | D:2      | Reached XP level 3. HP: 28/29 MP: 5/5
   888 | D:2      | Found a glowing silver altar of Zin.
  1407 | D:3      | Found a basalt altar of Yredelemnul.
  1431 | D:3      | Noticed Irenicus's ghost (weakling OpCK)
  1516 | D:3      | Killed Irenicus's ghost
  1516 | D:3      | Gained mutation: You are mostly covered in yellow scales. (AC +3) [demonic ancestry]
  1516 | D:3      | Reached XP level 4. HP: 23/35 MP: 7/7
  1711 | D:3      | Found Gozag's Platinum Reserve.
  1713 | D:3      | Found an opulent altar of Gozag.
  2072 | D:3      | Reached XP level 5. HP: 23/41 MP: 8/8
  2076 | D:3      | HP: 2/41 [poisoned by a kobold]
  2698 | D:4      | Found an opulent altar of Gozag.
  2730 | D:4      | Reached skill level 5 in Invocations
  2943 | D:4      | Reached *** piety under Lugonu
  3018 | D:4      | Found a transporter.
  3027 | D:4      | Noticed Sigmund
  3031 | D:4      | Banished Sigmund
  3031 | D:4      | Reached XP level 6. HP: 46/48 MP: 8/10
  3033 | D:4      | Noticed a kobold demonologist
  3218 | D:4      | Found a transporter.
  3551 | D:4      | Noticed Natasha
  3552 | D:4      | Noticed Dowan
  3555 | D:4      | Noticed Duvessa
  3558 | D:4      | Killed Natasha
  3568 | D:4      | Killed Duvessa
  3568 | D:4      | Gained mutation: You are completely covered in yellow scales. (AC +4, rCorr) [demonic ancestry]
  3568 | D:4      | Reached XP level 7. HP: 23/54 MP: 11/11
  3569 | D:4      | Killed Dowan
  3676 | D:4      | Noticed Natasha
  3691 | D:4      | Killed Natasha
  3973 | D:5      | Entered Level 5 of the Dungeon
  4183 | D:5      | Found a shadowy altar of Dithmenos.
  4346 | D:5      | Got a steaming chain mail
  4359 | D:5      | Identified the +7 chain mail of the New World {rN+ rCorr Str+3 Dex+4} (You took it off an orc on level 5 of the Dungeon)
  4607 | D:5      | Reached XP level 8. HP: 61/61 MP: 13/13
  4793 | D:5      | Reached **** piety under Lugonu
  4890 | D:5      | Reached skill level 5 in Fighting
  5288 | D:5      | Found a sacrificial altar of Ru.
  5636 | D:6      | Found a staircase to the Ecumenical Temple.
  5655 | D:6      | Found Huoqan's Gadget Emporium.
  5703 | D:6      | Found Tezxej's Distillery.
  5920 | D:6      | Noticed Agrougrou's ghost (novice FoFi)
  5984 | D:6      | Killed Agrougrou's ghost
  6183 | D:6      | Reached skill level 5 in Armour
  6969 | D:7      | Noticed a hippogriff
  6975 | D:7      | Reached XP level 9. HP: 65/69 MP: 16/16
  6981 | D:7      | Reached skill level 5 in Dodging
  6981 | D:7      | Reached skill level 10 in Invocations
  7164 | D:7      | Found Adghin's Assorted Antiques.
  7173 | D:7      | Bought a runed shield for 180 gold pieces
  7312 | D:7      | Noticed kalagan's ghost (novice GrFi)
  7333 | D:7      | Killed kalagan's ghost
  7333 | D:7      | Reached skill level 1 in Shields
  7453 | D:7      | Found a deep blue altar of Sif Muna.
  8204 | D:8      | Noticed a kobold demonologist
  8226 | D:8      | Killed a kobold demonologist
  8255 | D:8      | Gained mutation: You have a pair of small antennae on your head. [demonic ancestry]
  8255 | D:8      | Reached XP level 10. HP: 32/79 MP: 18/18
  8298 | D:8      | Got a dazzling great sword
  8884 | D:8      | Identified the +6 great sword "Uddem" {drain, rF+} (You found it on level 8 of the Dungeon)
  9084 | D:8      | Found a burning altar of Makhleb.
  9144 | D:8      | Found a staircase to the Lair.
  9392 | D:8      | Found a glowing golden altar of the Shining One.
  9419 | D:9      | Found a shimmering altar of Xom.
  9866 | D:9      | Noticed a two-headed ogre
  9882 | D:10     | Entered Level 10 of the Dungeon
 10221 | D:10     | Found a stormy altar of Qazlal.
 10252 | D:10     | Reached ***** piety under Lugonu
 10301 | D:10     | Noticed Pikel
 10318 | D:10     | Killed Pikel
 10522 | D:9      | Gained mutation: You have a pair of antennae on your head. [demonic ancestry]
 10522 | D:9      | Reached XP level 11. HP: 85/86 MP: 20/20
 10588 | D:9      | Noticed a two-headed ogre
 10598 | D:9      | Banished a two-headed ogre
 10861 | D:9      | Killed a two-headed ogre
 12158 | D:9      | Got an encrusted flail
 12159 | D:9      | Identified the +8 flail of Zuff {crush, rElec} (You found it on level 9 of the Dungeon)
 12306 | D:10     | Reached skill level 5 in Shields
 12912 | D:11     | Noticed a two-headed ogre
 12922 | D:11     | Killed a two-headed ogre
 12936 | D:11     | Noticed a brown ugly thing
 12945 | D:11     | Killed a brown ugly thing
 13238 | D:11     | Noticed a green ugly thing
 13265 | D:11     | Killed a green ugly thing
 13284 | D:11     | Found a staircase to the Orcish Mines.
 14450 | D:11     | Noticed a green ugly thing
 14459 | D:11     | Killed a green ugly thing
 14520 | D:11     | Reached skill level 1 in Long Blades
 14545 | D:11     | Noticed Sonja
 14546 | D:11     | Banished Sonja
 14817 | D:12     | Found Yris's Antique Weapon Boutique.
 14836 | D:12     | Found a basalt altar of Yredelemnul.
 14868 | D:12     | Noticed a red ugly thing
 14879 | D:12     | Banished a red ugly thing
 14879 | D:12     | Gained mutation: You have a pair of large antennae on your head. (SInv) [demonic ancestry]
 14879 | D:12     | Reached XP level 12. HP: 23/96 MP: 21/21
 15451 | D:12     | Noticed a two-headed ogre
 15461 | D:12     | Killed a two-headed ogre
 15892 | D:12     | Noticed a five-headed hydra
 15893 | D:12     | Banished a five-headed hydra
 16346 | Lair:1   | Entered Level 1 of the Lair of Beasts
 17137 | Lair:2   | Reached skill level 10 in Fighting
 17372 | Lair:2   | Found a staircase to the Shoals.
 17804 | Lair:2   | Reached skill level 5 in Long Blades
 18080 | Lair:3   | Found a staircase to the Snake Pit.
 18326 | Lair:3   | Reached XP level 13. HP: 68/104 MP: 22/22
 18554 | Lair:3   | Noticed Snorg
 18568 | Lair:3   | Killed Snorg
 18865 | Lair:3   | Reached ****** piety under Lugonu
 19324 | Lair:4   | Noticed Nessos
 19333 | Lair:4   | Banished Nessos
 19763 | Lair:4   | Found an ancient bone altar of Kikubaaqudgha.
 20790 | Lair:5   | Noticed Urug
 20798 | Lair:5   | Killed Urug
 21546 | Lair:5   | Identified 2 scrolls of acquirement
 21726 | Lair:5   | Reached skill level 10 in Armour
 22448 | Lair:5   | Reached XP level 14. HP: 113/113 MP: 23/23
 22694 | Lair:6   | Entered Level 6 of the Lair of Beasts
 22730 | Lair:6   | Reached skill level 10 in Dodging
 22865 | Lair:6   | Noticed an entropy weaver
 22866 | Lair:6   | Noticed an entropy weaver
 22871 | Lair:6   | Banished an entropy weaver
 22872 | Lair:6   | Banished an entropy weaver
 23367 | Lair:6   | Found a dark tunnel.
 23374 | Volcano  | Entered a volcano
 23396 | Volcano  | Found a burning altar of Makhleb.
 24293 | Lair:6   | Found a runed door.
 24294 | Lair:6   | Found a viscous altar of Jiyva.
 24299 | Lair:6   | Noticed an acid blob
 24302 | Lair:6   | Found a staircase to the Slime Pits.
 24753 | Lair:6   | HP: 3/114 [dire elephant (23)]
 26128 | Lair:6   | Reached skill level 10 in Long Blades
 27233 | Orc:1    | Entered Level 1 of the Orcish Mines
 27654 | Orc:2    | Entered Level 2 of the Orcish Mines
 28075 | Orc:2    | Found a staircase to the Elven Halls.
 28258 | Orc:2    | Gained mutation: When hurt, damage is shared between your health and your magic reserves. [demonic ancestry]
 28258 | Orc:2    | Reached XP level 15. HP: 69/120 MP: 24/24
 28721 | Orc:2    | Paralysed by an ogre mage for 3 turns
 28727 | Orc:2    | Paralysed by an ogre mage for 2 turns
 29206 | Orc:2    | Noticed Josephine
 29448 | Orc:2    | Killed Josephine
 30322 | Orc:2    | Reached skill level 10 in Shields
 30532 | Orc:2    | Found Meonluwk's Antique Armour Emporium.
 30535 | Orc:2    | Found Wilaz's Magic Scroll Emporium.
 30539 | Orc:2    | Found Bocverchupn's Distillery.
 30550 | Orc:2    | Found Ciav's Armour Shoppe.
 30559 | Orc:2    | Bought a scroll of enchant weapon for 97 gold pieces
 30571 | Orc:2    | Bought the +2 ratskin cloak {+Rats rPois rN+ Str-1 Int-1 Dex+1} for 417 gold pieces
 30702 | Elf:1    | Entered Level 1 of the Elven Halls
 32238 | Elf:1    | Found Vuodd's Jewellery Shop.
 33577 | Elf:2    | Gained mutation: Your flesh is cold resistant. (rC+) [demonic ancestry]
 33577 | Elf:2    | Reached XP level 16. HP: 129/129 MP: 20/25
 33881 | Elf:2    | Found a huge runed gate.
 33881 | Elf:2    | Found a huge runed gate.
 33882 | Elf:2    | Found a huge runed gate.
 33882 | Elf:2    | Found a huge runed gate.
 33882 | Elf:2    | Found a huge runed gate.
 34428 | Elf:2    | Noticed a deep elf blademaster
 34504 | Elf:2    | Killed a deep elf blademaster
 34584 | Elf:1    | Mangled by a scimitar of holy wrath

Skill      XL: |  1  2  3  4  5  6  7  8  9 10 11 12 13 14 15 16 |
---------------+-------------------------------------------------+-----
Dodging        | 1 2 3 4 5 6 8 9 10 11 | 11.8
Armour         | 2 3 4 5 6 7 8 9 10 11 | 11.9
Invocations    | 3 4 5 6 7 9 11 12 | 12.8
Fighting       | 4 5 7 8 9 10 11 12 | 12.9
Shields        | 2 4 6 7 8 9 10 | 10.8
Long Blades    | 1 5 8 10 11 12 | 12.2
Short Blades   | |  1.7

Action                   |  1- 3 |  4- 6 |  7- 9 | 10-12 | 13-15 | 16-18 || total
-------------------------+-------+-------+-------+-------+-------+-------++-------
Melee: Short sword       |    72 |       |       |       |       |       ||    72
       Flail             |    33 |   100 |   336 |   852 |   214 |       ||  1535
       Demon blade       |       |       |       |       |  1335 |   163 ||  1498
Invok: Banish            |       |     1 |     3 |     8 |    18 |     2 ||    32
       Bend Space        |       |       |       |       |       |     2 ||     2
Evoke: Wand              |       |       |       |       |     3 |       ||     3
  Use: Potion            |       |     2 |       |     3 |     3 |     3 ||    11
       Scroll            |       |       |     7 |     5 |    17 |       ||    29
  Eat: Chunk             |    18 |     7 |    16 |    37 |    56 |     3 ||   137
Armor: Leather armour    |    12 |       |       |       |       |       ||    12
       Chain mail        |    40 |    70 |   237 |   605 |   591 |    60 ||  1603
Dodge: Dodged            |    38 |    30 |   142 |   351 |   612 |    56 ||  1229
Block: Shield            |       |       |    70 |   700 |  1003 |   102 ||  1875
       Rpst.: Demon blade |       |       |       |       |   107 |    10 ||   117
